Map: Simulacrum LE

Players

Serral - Winner!

  • Race: Zerg Zerg
  • Spawn Location: 5:00

TSGSolar (Solar)

  • Race: Zerg Zerg
  • Spawn Location: 11:00

Event: StayAtHomestory Cup #1

VOD

Have the link to the VOD?

Description

Time

  • Played on: April 11, 2020, 3:10 p.m.
  • Length: 16:13

All games in this series

Show
View Real Time Build Order
Export as new Build Order

Serral Zerg - Winner!

Build Orders: Hatch First, Lurkers 

Get SALT Encoding   

  12  0:00  Drone  
  13  0:12  Overlord  
  13  0:17  Drone  
  14  0:30  Drone  
  14  0:31  Drone  
  16  0:48  Hatchery  
  15  0:51  Drone  
  15  0:55  Drone  
  17  0:58  Drone  
  18  1:09  Extractor  
  17  1:13  Spawning Pool  
  17  1:17  Drone  
  17  1:20  Drone  
  18  1:28  Drone  
  19  1:38  Drone  
  20  1:49  Drone  
  21  1:59  Overlord  
  21  2:00  Queen x2  
  25  2:01  Zergling x2  
  26  2:10  Metabolic Boost  
  26  2:11  Drone  
  26  2:12  Drone  
  28  2:21  Drone  
  28  2:22  Drone  
  30  2:35  Hatchery  
  29  2:38  Drone  
  29  2:40  Drone  
  31  2:46  Baneling Nest  
  31  2:47  Drone  
  31  2:51  Overlord  
  31  2:54  Drone  
  31  2:57  Drone  
  33  3:04  Zergling x2  
  34  3:08  Drone  
  34  3:09  Drone  
  34  3:11  Zergling x4, Drone  
  34  3:12  Zergling x2  
  40  3:16  Overlord  
  40  3:19  Zergling x2  
  41  3:22  Drone  
  41  3:25  Evolution Chamber  
  41  3:30  Drone  
  41  3:31  Drone  
  43  3:37  Queen  
  43  3:39  Drone  
  43  3:40  Drone x2  
  48  3:43  Drone  
  49  3:51  Overlord  
  49  3:52  Zerg Missile Weapons Level 1  
  49  3:53  Baneling  
  49  3:55  Drone x2  
  50  3:56  Drone  
  50  4:00  Zergling x2  
  50  4:01  Overlord  
  52  4:05  Drone x2  
  52  4:06  Drone  
  55  4:11  Lair  
  55  4:13  Drone  
  55  4:16  Drone x2  
  58  4:18  Drone  
  59  4:24  Extractor x2  
  59  4:26  Drone x2  
  59  4:27  Roach Warren  
  59  4:29  Overlord  
  58  4:32  Drone x2  
  58  4:34  Drone  
  58  4:37  Drone x2  
  62  4:41  Pneumatized Carapace  
  62  4:43  Drone x3  
  65  4:45  Drone  
  65  4:47  Drone x2  
  65  4:49  Drone  
  69  4:53  Drone x2  
  69  4:54  Drone  
  69  4:55  Extractor  
  69  4:58  Drone  
  72  5:02  Extractor x2, Drone  
  72  5:03  Drone  
  72  5:09  Overseer  
  72  5:11  Drone  
  72  5:12  Glial Reconstitution  
  72  5:14  Drone x2  
  75  5:15  Drone  
  75  5:16  Drone x4  
  75  5:17  Roach  
  75  5:19  Overlord  
  82  5:23  Overlord x2  
  82  5:33  Evolution Chamber  
  81  5:37  Hatchery  
  81  5:38  Roach  
  81  5:39  Roach x2  
  81  5:41  Baneling x2  
  86  5:45  Roach  
  88  5:51  Hydralisk Den, Roach x2  
  88  5:52  Roach x2  
  88  5:55  Overlord  
  95  6:01  Hatchery, Overseer  
  93  6:05  Zerg Ground Armor Level 1, Zerg Missile Weapons Level 2  
  93  6:10  Queen x3  
  99  6:15  Baneling x5  
  99  6:19  Roach x3  
  99  6:23  Spore Crawler  
  104  6:25  Spore Crawler  
  104  6:26  Spore Crawler  
  104  6:27  Drone x2  
  104  6:29  Drone  
  104  6:30  Spore Crawler  
  104  6:31  Drone x2  
  104  6:32  Drone  
  107  6:36  Spore Crawler  
  96  6:40  Hydralisk  
  96  6:41  Hydralisk  
  96  6:45  Hydralisk  
  98  6:49  Spore Crawler  
  98  6:51  Hydralisk  
  99  7:00  Lurker Den, Hydralisk  
  99  7:01  Spore Crawler, Hydralisk  
  98  7:08  Drone x5  
  104  7:10  Drone x2  
  104  7:12  Spore Crawler  
  106  7:17  Spore Crawler, Hydralisk  
  108  7:22  Spore Crawler  
  108  7:23  Spore Crawler  
  108  7:28  Hydralisk  
  108  7:29  Hydralisk x3  
  108  7:37  Spore Crawler  
  108  7:38  Hydralisk x2  
  108  7:42  Drone x4  
  108  7:43  Drone  
  110  7:48  Drone x2  
  110  7:49  Drone x2  
  114  7:55  Hydralisk x2  
  114  7:56  Spore Crawler  
  115  8:03  Overlord x3  
  115  8:06  Overlord  
  115  8:07  Overlord  
  115  8:10  Overlord  
  115  8:15  Overlord x2  
  115  8:22  Lurker  
  115  8:23  Lurker x3  
  115  8:26  Lurker x3  
  122  8:29  Drone x5  
  122  8:31  Spore Crawler  
  126  8:34  Hydralisk x2  
  126  8:38  Spore Crawler  
  129  8:42  Hydralisk x2  
  133  8:49  Spore Crawler  
  133  8:53  Drone x2  
  124  8:57  Spore Crawler  
  124  8:59  Drone x3  
  126  9:03  Drone x2  
  126  9:05  Spore Crawler  
  126  9:08  Hydralisk x3  
  133  9:10  Extractor  
  133  9:11  Infestation Pit  
  133  9:15  Drone x3  
  133  9:16  Extractor, Drone x3  
  136  9:19  Spore Crawler  
  136  9:20  Lurker  
  136  9:24  Grooved Spines  
  136  9:29  Extractor, Hydralisk x3  
  141  9:36  Spore Crawler  
  139  9:40  Drone x6  
  139  9:41  Drone  
  134  9:48  Drone x5  
  134  9:50  Drone  
  140  9:56  Hive  
  140  9:57  Drone  
  140  9:59  Lurker x2  
  143  10:02  Overseer  
  143  10:07  Hydralisk x3  
  149  10:19  Zerg Ground Armor Level 2  
  137  10:23  Hydralisk x2  
  137  10:24  Hydralisk  
  137  10:26  Overlord x2  
  141  10:29  Extractor  
  141  10:31  Drone x2  
  141  10:33  Spore Crawler, Drone  
  142  10:42  Muscular Augments  
  142  10:45  Drone, Evolution Chamber  
  142  10:46  Roach x4  
  150  10:55  Drone  
  150  10:56  Drone x3  
  150  10:57  Drone x4  
  151  10:59  Lurker x2  
  151  11:00  Drone  
  156  11:07  Hydralisk x2  
  156  11:09  Overlord x2  
  160  11:15  Spore Crawler  
  160  11:17  Overlord  
  157  11:19  Overlord  
  156  11:28  Hatchery, Viper  
  152  11:42  Viper x3  
  161  11:49  Hydralisk x3  
  161  11:50  Hydralisk  
  161  11:53  Overseer  
  169  11:56  Seismic Spines  
  169  12:06  Drone x4  
  173  12:10  Spore Crawler  
  173  12:12  Lurker x2  
  173  12:13  Spore Crawler  
  173  12:17  Spore Crawler, Overlord  
  173  12:18  Spore Crawler  
  173  12:20  Lurker  
  172  12:23  Overlord  
  164  12:43  Hydralisk x6  
  170  12:50  Hydralisk x3  
  134  13:06  Hydralisk x4  
  136  13:19  Hydralisk x4  
  136  13:31  Adaptive Talons  
  136  13:33  Overlord  
  136  13:34  Hydralisk  
  136  13:35  Hydralisk x2  
  142  13:45  Overlord  
  142  13:47  Lurker x5  
  147  13:51  Overlord  
  136  14:00  Hydralisk x2  
  140  14:03  Hydralisk  
  140  14:06  Hydralisk  
  144  14:17  Lurker x3  
  147  14:27  Roach x3  
  153  14:39  Roach x4  
  161  14:53  Roach x3  
  159  15:05  Roach x4  
  158  15:17  Lurker x4  
  162  15:27  Hydralisk x3  
  165  15:45  Hydralisk  
  164  15:50  Hatchery  
Show
View Real Time Build Order
Export as new Build Order

TSGSolar Zerg 

Build Orders: Hatch First, Muta Ling Bane 

Get SALT Encoding   

  12  0:02  Drone  
  13  0:12  Overlord  
  13  0:17  Drone  
  14  0:33  Drone x2  
  16  0:49  Hatchery  
  15  0:52  Drone  
  15  0:55  Drone  
  17  0:59  Drone  
  18  1:11  Extractor  
  17  1:15  Spawning Pool  
  17  1:17  Drone  
  17  1:20  Drone  
  18  1:29  Drone  
  19  1:39  Drone  
  20  1:50  Overlord  
  20  2:01  Queen x2  
  20  2:04  Drone x2  
  26  2:11  Metabolic Boost  
  26  2:13  Drone  
  26  2:14  Drone  
  28  2:25  Drone x2  
  30  2:35  Hatchery  
  29  2:38  Zergling x2  
  29  2:40  Drone  
  31  2:47  Baneling Nest  
  31  2:48  Drone  
  31  2:53  Overlord  
  31  2:56  Zergling x2  
  31  2:57  Drone  
  33  3:03  Queen  
  35  3:06  Drone  
  36  3:13  Drone x3  
  36  3:15  Drone  
  36  3:17  Zergling x2  
  41  3:20  Zergling x4  
  41  3:25  Overlord  
  43  3:29  Evolution Chamber  
  43  3:31  Zergling x2  
  43  3:33  Baneling x2  
  43  3:37  Drone  
  44  3:45  Drone x5  
  48  3:49  Drone  
  48  3:52  Zergling x2  
  48  3:54  Overlord  
  50  4:03  Drone x2  
  50  4:06  Lair  
  50  4:08  Drone  
  50  4:09  Drone  
  54  4:10  Extractor  
  54  4:13  Drone x4  
  54  4:16  Drone x3  
  60  4:23  Roach Warren  
  59  4:24  Zerg Melee Weapons Level 1  
  59  4:25  Drone  
  59  4:27  Drone  
  59  4:30  Extractor  
  59  4:31  Extractor, Overlord  
  59  4:33  Drone  
  59  4:36  Zergling x4  
  61  4:41  Drone x4  
  61  4:44  Overlord  
  65  4:48  Overlord  
  65  4:50  Drone x3  
  65  4:52  Drone  
  69  4:54  Drone  
  69  4:55  Drone  
  69  4:57  Drone  
  73  5:00  Drone  
  73  5:02  Drone  
  73  5:07  Spire, Drone  
  75  5:10  Drone  
  75  5:11  Extractor, Drone x2  
  75  5:12  Extractor  
  75  5:13  Drone x2  
  77  5:17  Drone x3  
  77  5:20  Overseer  
  80  5:22  Glial Reconstitution  
  80  5:24  Zergling x2  
  80  5:25  Zergling x4  
  83  5:28  Overlord  
  83  5:31  Overlord  
  83  5:38  Hatchery  
  83  5:40  Overlord  
  82  5:43  Zergling x8  
  82  5:48  Zergling x8  
  90  5:51  Zergling x6  
  90  5:53  Zergling x2  
  90  5:54  Zergling x2  
  91  6:03  Overlord  
  90  6:08  Overlord  
  90  6:10  Drone  
  91  6:19  Overlord  
  91  6:20  Mutalisk x6  
  103  6:27  Mutalisk x2  
  103  6:31  Mutalisk  
  107  6:36  Mutalisk x3  
  107  6:39  Drone x4  
  112  6:40  Zergling x8  
  112  6:46  Zerg Flyer Weapons Level 1  
  112  6:47  Zergling x2  
  112  6:50  Zergling x2  
  112  6:51  Zergling x4  
  112  6:52  Queen  
  118  6:57  Mutalisk  
  118  6:59  Extractor  
  118  7:00  Drone  
  115  7:02  Extractor, Overlord  
  115  7:05  Mutalisk x2  
  118  7:08  Mutalisk  
  118  7:10  Zergling x16  
  118  7:12  Mutalisk  
  118  7:13  Overlord  
  118  7:14  Overlord  
  130  7:20  Drone  
  131  7:23  Drone  
  131  7:25  Drone  
  131  7:26  Mutalisk  
  131  7:31  Mutalisk  
  131  7:33  Mutalisk  
  131  7:35  Drone  
  131  7:36  Drone  
  135  7:37  Drone  
  135  7:38  Zergling x2, Drone  
  135  7:40  Drone  
  135  7:41  Drone  
  135  7:43  Drone  
  140  7:46  Zerg Melee Weapons Level 2, Centrifical Hooks  
  140  7:51  Overlord  
  140  7:54  Zergling x10  
  140  7:58  Mutalisk x2  
  145  8:03  Hatchery, Drone  
  149  8:07  Drone x2  
  149  8:08  Drone  
  149  8:09  Drone  
  149  8:10  Infestation Pit  
  152  8:16  Baneling x13  
  152  8:18  Zergling x4  
  152  8:19  Zergling x8  
  158  8:23  Drone  
  158  8:24  Overlord  
  159  8:28  Baneling x7  
  159  8:29  Baneling x5  
  159  8:30  Drone  
  159  8:32  Extractor  
  159  8:33  Zergling x2  
  159  8:34  Zergling x4, Extractor  
  160  8:41  Mutalisk  
  160  8:42  Mutalisk x2  
  160  8:43  Overlord  
  160  8:45  Overlord  
  159  8:55  Zergling x2  
  159  8:56  Zergling x6  
  159  8:57  Zergling x2  
  159  8:59  Zergling x16  
  159  9:00  Zergling x2  
  159  9:01  Drone  
  170  9:03  Drone, Hive  
  170  9:05  Drone  
  170  9:08  Zergling x8  
  176  9:10  Baneling x7  
  176  9:13  Mutalisk  
  176  9:14  Zergling x2  
  179  9:17  Baneling x2  
  179  9:18  Zergling x2  
  179  9:21  Zergling x2  
  179  9:22  Zergling x6  
  179  9:23  Zergling x4  
  186  9:26  Mutalisk x2  
  186  9:28  Zergling x2  
  186  9:30  Zergling x2  
  192  9:32  Zergling x8  
  192  9:34  Zergling x2  
  192  9:35  Zergling x2  
  192  9:36  Zergling x2  
  196  9:38  Zergling x2  
  196  9:43  Zergling x2  
  196  9:44  Zergling x2  
  194  9:45  Zergling x2  
  194  9:47  Zergling x10  
  194  9:50  Zergling x2  
  194  9:55  Zergling x2  
  195  10:01  Zergling x2  
  196  10:08  Drone x3  
  196  10:14  Zergling x2, Drone  
  198  10:15  Baneling x6  
  198  10:16  Baneling x11  
  198  10:20  Overseer  
  196  10:24  Adrenal Glands  
  196  10:26  Zergling x10, Ultralisk Cavern  
  196  10:27  Zerg Ground Armor Level 1  
  196  10:31  Greater Spire  
  196  10:33  Zergling x8  
  196  10:35  Baneling x3  
  197  10:56  Baneling x6  
  166  10:57  Corruptor x7  
  166  10:58  Corruptor  
  166  10:59  Zergling x34  
  197  11:10  Spine Crawler  
  194  11:22  Zergling x8  
  192  11:40  Hatchery  
  192  11:42  Baneling x6  
  192  11:43  Baneling x4  
  192  11:46  Brood Lord x4  
  199  11:48  Brood Lord x3  
  199  11:50  Brood Lord  
  197  11:54  Baneling x13  
  197  11:56  Overseer  
  198  12:01  Zergling x6  
  198  12:04  Zergling x14  
  198  12:06  Baneling x11  
  200  12:11  Spine Crawler  
  199  12:16  Baneling x6  
  199  12:18  Overseer  
  195  12:30  Zergling x2  
  195  12:31  Zergling x2  
  195  12:32  Zergling x8  
  196  12:38  Zergling x2  
  196  12:41  Baneling x10  
  196  12:43  Zergling x16  
  194  12:45  Zergling x12  
  194  12:47  Zergling x8  
  194  12:50  Zergling x2  
  190  12:52  Zergling x4  
  185  13:01  Zergling x6  
  185  13:03  Zergling x2  
  185  13:04  Zergling x4  
  173  13:05  Baneling  
  173  13:06  Baneling x2  
  173  13:07  Chitinous Plating  
  173  13:08  Zergling x2, Ultralisk x3  
  173  13:09  Zergling x8, Baneling x2  
  187  13:23  Ultralisk x2  
  195  13:27  Baneling x10  
  195  13:28  Baneling  
  195  13:38  Baneling x14  
  195  13:46  Extractor  
  195  13:47  Extractor  
  193  13:50  Zerg Ground Armor Level 2  
  190  13:58  Ultralisk  
  195  14:04  Baneling x3  
  195  14:05  Zergling x16  
  195  14:06  Baneling  
  195  14:07  Baneling x2  
  199  14:22  Overseer x2  
  199  14:25  Anabolic Synthesis  
  199  14:28  Baneling x2  
  198  14:32  Evolution Chamber  
  196  14:48  Pneumatized Carapace  
  159  15:01  Zergling x62, Ultralisk x2  
  159  15:02  Zergling x2  
  159  15:06  Ultralisk  
  180  15:15  Zergling x8, Ultralisk  
  180  15:18  Ultralisk  
  190  15:23  Baneling x14  
  190  15:27  Baneling x8  
  189  15:30  Zergling x4  
  189  15:31  Baneling x3  
  186  15:51  Zergling x8  
  186  15:54  Zergling x4  
Tags
 
Add a new tag
Caveats
  • Supply blocks, unpowered buildings, or Contaminate may cause inaccurate times.
  • Supply counts are checked every 10 seconds.